 Dungeon Crawl Stone Soup version 0.26.1-11-gd32895ea62 (webtiles) character file.

Game seed: 1994485367485159914

3645 Gerhazo the Destroyer (level 9, -5/70 HPs)
             Began as a Yellow Draconian Conjurer on May 31, 2021.
             Was a Priest of Vehumet.
             Slain by Erica
             ... wielding a +3 scimitar of flaming
              (11 damage)
             ... on level 8 of the Dungeon.
             The game lasted 00:13:56 (10896 turns).

Gerhazo the Destroyer (Yellow Draconian Conjurer)  Turns: 10896, Time: 00:13:58

Health: -5/70      AC: 12    Str: 16    XL:     9   Next: 88%
Magic:  12/19      EV: 13    Int: 21    God:    Vehumet [***...]
Gold:   360        SH:  0    Dex: 10    Spells: 15/22 levels left

rFire    . . .     SeeInvis +   y - +5 flail (protect)
rCold    . . .     Faith    .   (no shield)
rNeg     . . .     Spirit   .   (armour unavailable)
rPois    .         Reflect  .   (helmet restricted)
rElec    .         Harm     .   i - +0 cloak
rCorr    +         Rampage  .   E - +2 pair of gloves
Will     .....                  l - +0 pair of boots
Stlth    ++........             (no amulet)
HPRegen  0.21/turn              f - +6 ring of strength
MPRegen  0.16/turn              w - ring of see invisible

@: slowed, very slow
A: spit acid, unfitting armour, cold-blooded, acid resistance, AC +7
a: Breathe Acid, Renounce Religion


You were on level 8 of the Dungeon.
You worshipped Vehumet.
Vehumet was most pleased with you.
You visited 2 branches of the dungeon, and saw 9 of its levels.

You collected 456 gold pieces.
You spent 96 gold pieces at shops.

Inventory:

Hand Weapons
 y - a +5 flail of protection (weapon)
Armour
 i - a +0 cloak (worn)
 l - a +0 pair of boots (worn)
 E - a +2 pair of gloves (worn)
Jewellery
 f - a +6 ring of strength (left hand)
 h - a cursed ring of teleportation {unknown}
 w - a ring of see invisible (right hand)
Wands
 m - a wand of flame (60)
 p - a wand of polymorph (9)
 r - a wand of enslavement (15)
 t - a wand of random effects (12)
Scrolls
 b - a scroll of immolation {unknown}
 d - 4 scrolls of amnesia {unknown}
 e - 6 scrolls of remove curse {unknown}
 j - 8 scrolls of identify {unknown}
 k - 3 scrolls of enchant armour {unknown}
 n - 3 scrolls of teleportation {unknown}
 u - 3 scrolls of enchant weapon {unknown}
 v - 2 scrolls of fog {unknown}
 x - 3 scrolls of blinking {unknown}
 D - a scroll of magic mapping {unknown}
Potions
 a - 4 potions of curing
 c - a potion of flight {unknown}
 g - 2 potions of heal wounds
 o - 2 potions of mutation {unknown}
 q - 2 potions of brilliance {unknown}
 z - a potion of attraction {unknown}
 A - a potion of magic {unknown}
 B - a potion of invisibility {unknown}
 C - a potion of degeneration {unknown}


   Skills:
 + Level 3.2 Fighting
 + Level 3.4 Dodging
 - Level 1.7 Stealth
 + Level 7.0 Spellcasting
 * Level 11.1 Conjurations
 - Level 2.0 Translocations
 + Level 3.0 Fire Magic


You had 15 spell levels left.
You knew the following spells:

 Your Spells              Type           Power        Failure   Level
a - Magic Dart            Conj           100%         1%          1
b - Searing Ray           Conj           100%         1%          2
d - Iskenderun's Mystic   Conj/Tloc      35%          1%          4

Your spell library contained the following spells:

 Spells                   Type           Power        Failure   Level
 Static Discharge         Conj/Air       30%          1%          3
 Dazzling Flash           Conj/Hex       60%          1%          3
 Fulminant Prism          Conj/Hex       15%          2%          4
 Apportation              Tloc           30%          3%          1
 Animate Skeleton         Necr           14%          9%          1
 Corona                   Hex            7%           9%          1
 Summon Small Mammal      Summ           28%          9%          1


Dungeon Overview and Level Annotations

Branches:
Dungeon (8/15)             Temple (1/1) D:6
   Lair: D:8-11

Altars:
Ashenzari
Cheibriados
Dithmenos
Elyvilon
Fedhas
Gozag
Hepliaklqana
Kikubaaqudgha
Makhleb
Nemelex Xobeh
Okawaru
Qazlal
Ru
Sif Muna
Trog
Uskayaw
Vehumet
Wu Jian
Xom
Yredelemnul
Zin
The Shining One

Shops:
D:6 !   D:8 (

Annotations:
D:8 Erica


Innate Abilities, Weirdness & Mutations

You can spit globs of acid.
Your golden yellow scales are hard. (AC +7)
You cannot fit into any form of body armour.
You are cold-blooded and may be slowed by cold attacks.
You are resistant to acid. (rCorr)


Message History

Aim: Erica, wielding a +3 scimitar of flaming, wearing a +0 robe and carrying a wand of iceblast (9) (moderately wounded, slightly transparent, 19% to evade)
The searing ray hits Erica!
Erica is heavily wounded. (Press . to maintain the ray.)
The searing ray hits Erica!
Erica is severely wounded.
The searing ray hits the hound!
The hound is severely wounded.
Erica hits you with a +3 scimitar of flaming.
* * * LOW HITPOINT WARNING * * *
Erica burns you.
* * * LOW HITPOINT WARNING * * *
The searing ray hits Erica!
Erica is severely wounded.
The searing ray hits the hound!
You kill the hound!
Vehumet accepts your kill.
Vehumet is now aiding your destructive spells.
Erica hits you with a +3 scimitar of flaming!
You die...

######.#######.##...........#
#............#.....##########
####.#.#####.#####.# #.#.#
..# #.#.####### #..
#.#.......# #... #.#######(#
#.... #.. #[# #...≈≈ #.# #@#
..≈≈≈. #@# ..........@h...
#.........###.. #.!.......#
#.........# ##...##.#.# .....
..#^# ##... #...+


You could see Erica (invisible).

Vanquished Creatures
  Pikel (D:4)
  The ghost of mahan the Chopper, an amateur HOBe of Trog (D:4)
  Prince Ribbit (D:5)
  Sigmund (D:2)
  Edmund (D:5)
  2 orc warriors
  A water moccasin (D:7)
  2 ice beasts
  2 phantoms
  2 sky beasts (D:7)
  A black bear (D:7)
  2 ogres
  A centaur (D:8)
  3 lemures (D:4)
  2 bullfrogs
  A scorpion (D:4)
  3 wights (D:8)
  A howler monkey (D:6)
  A vampire bat (D:3)
  Crazy Yiuf (D:2)
  2 hounds (D:8)
  6 orc priests
  5 orc wizards
  A bullfrog skeleton (D:5)
  2 centaur skeletons (D:7)
  3 worker ants
  Natasha (thrice) (D:3)
  A mummy (D:6)
  Robin (D:2)
  6 adders
  A white imp (D:6)
  5 ufetubi
  An ooze (D:3)
  An adder zombie (D:7)
  2 worms
  5 dart slugs
  3 fire bats (D:3)
  7 leopard geckos
  30 orcs
  2 spectral bats (D:3)
  17 bats
  3 bat skeletons (D:3)
  A bat zombie (D:3)
  4 giant cockroaches
  15 goblins
  10 hobgoblins
  10 jackals
  3 quokkas
  2 ball pythons
  A bat simulacrum (D:3)
  5 frilled lizards
  2 hobgoblin zombies (D:6)
  6 kobolds
  A leopard gecko zombie (D:5)
  2 orc zombies (D:6)
  6 rats
205 creatures vanquished.

Notes
Turn   | Place    | Note
-------+----------+-------------------------------------------
     0 | D:1      | Gerhazo the Draconian Conjurer began the quest for the Orb.
     0 | D:1      | Reached XP level 1. HP: 14/14 MP: 3/3
    10 | D:1      | Noticed an electric eel
   256 | D:1      | Reached XP level 2. HP: 20/20 MP: 0/5
   933 | D:1      | Learned a level 2 spell: Searing Ray
  1090 | D:2      | Found a hide-covered altar of Uskayaw.
  1271 | D:2      | Noticed Sigmund
  1276 | D:2      | Killed Sigmund
  1277 | D:2      | Reached skill level 5 in Conjurations
  1277 | D:2      | Reached XP level 3. HP: 21/26 MP: 0/7
  1277 | D:2      | Reached XP level 4. HP: 27/33 MP: 0/8
  1277 | D:2      | Reached XP level 5. HP: 31/38 MP: 0/9
  1368 | D:2      | Found a runed translucent door.
  1369 | D:2      | Noticed Crazy Yiuf
  1441 | D:2      | Killed Crazy Yiuf
  1442 | D:2      | Reached skill level 6 in Conjurations
  1614 | D:2      | Found a sparkling altar of Nemelex Xobeh.
  2168 | D:4      | Found a white marble altar of Elyvilon.
  2223 | D:4      | Reached XP level 6. HP: 45/45 MP: 5/11
  2313 | D:3      | HP: 2/45 [orc priest/nerve-wracking pain (14)]
  2662 | D:4      | Reached skill level 7 in Conjurations
  2784 | D:4      | Noticed a fire elemental
  2841 | D:4      | Your scales start taking on a golden yellow colour.
  2841 | D:4      | Reached XP level 7. HP: 50/50 MP: 8/13
  2841 | D:4      | Gained mutation: You are resistant to acid. (rCorr) [Yellow
                  | Draconian growth]
  2947 | D:4      | Found an opulent altar of Gozag.
  2947 | D:4      | Found a glowing silver altar of Zin.
  2994 | D:4      | Found a bloodstained altar of Trog.
  2996 | D:4      | Noticed Pikel
  3005 | D:4      | Killed Pikel
  3006 | D:4      | Reached skill level 5 in Spellcasting
  3006 | D:4      | Reached skill level 8 in Conjurations
  3111 | D:4      | Reached XP level 8. HP: 57/57 MP: 8/15
  3356 | D:4      | Found a runed translucent door.
  3360 | D:4      | Noticed mahan's ghost (amateur HOBe)
  3500 | D:4      | Found a stormy altar of Qazlal.
  3502 | D:4      | Noticed an air elemental
  3704 | D:4      | Killed mahan's ghost
  3705 | D:4      | Reached skill level 9 in Conjurations
  3917 | D:5      | Entered Level 5 of the Dungeon
  4265 | D:5      | Found an ancient bone altar of Kikubaaqudgha.
  4265 | D:5      | Found a radiant altar of Vehumet.
  4266 | D:5      | Found a snail-covered altar of Cheibriados.
  4267 | D:5      | Found an ornate altar of the Wu Jian Council.
  4272 | D:5      | Became a worshipper of Vehumet
  4520 | D:2      | Noticed Robin
  4539 | D:2      | Killed Robin
  4808 | D:2      | Reached * piety under Vehumet
  4808 | D:2      | Offered knowledge of Freeze by Vehumet.
  5539 | D:3      | Learned a level 4 spell: Iskenderun's Mystic Blast
  6043 | D:3      | Reached skill level 1 in Translocations
  6470 | D:3      | Noticed Natasha
  6473 | D:3      | Killed Natasha
  7070 | D:3      | Noticed Natasha
  7073 | D:3      | Killed Natasha
  7074 | D:3      | Reached skill level 10 in Conjurations
  7167 | D:3      | Noticed Natasha
  7170 | D:3      | Killed Natasha
  7325 | D:5      | Noticed Prince Ribbit
  7333 | D:5      | Killed Prince Ribbit
  7411 | D:5      | Reached XP level 9. HP: 62/62 MP: 16/18
  7472 | D:5      | Noticed Edmund
  7482 | D:5      | Killed Edmund
  7668 | D:5      | Found a bloodstained altar of Trog.
  7943 | D:6      | Reached skill level 1 in Fighting
  7943 | D:6      | Reached skill level 1 in Fire Magic
  8814 | D:6      | Found Icimnet's Distillery.
  8826 | D:6      | Bought a potion of curing for 36 gold pieces
  8826 | D:6      | Bought a potion of heal wounds for 60 gold pieces
  8918 | D:6      | Found a staircase to the Ecumenical Temple.
  8929 | D:6      | Reached ** piety under Vehumet
  8937 | Temple   | Entered the Ecumenical Temple
  9306 | D:6      | Offered knowledge of Shock by Vehumet.
  9589 | D:7      | Found an iron altar of Okawaru.
  9719 | D:7      | Found a blossoming altar of Fedhas.
  9796 | D:7      | Found a shimmering altar of Xom.
 10287 | D:7      | Reached skill level 11 in Conjurations
 10408 | D:8      | Found a broken altar of Ashenzari.
 10427 | D:8      | Found Wiciu's Weapon Shop.
 10526 | D:8      | Offered knowledge of Static Discharge by Vehumet.
 10881 | D:8      | Noticed Erica
 10896 | D:8      | Reached *** piety under Vehumet
 10896 | D:8      | Slain by Erica

Illustrated notes

Levels and vault maps discovered:
D:1:      arrival_aquarium_a, layout_loops_ring
D:2:      layout_loops_corners, lemuel_round_altar, overflow_temple_1_default,
          minmay_ruptured, uniq_crazy_yiuf_cottage, uniq_sigmund, uniq_robin
D:3:      layout_basic, minmay_misc_feat_nine_boxes, goddamned_bats,
          uniq_natasha
D:4:      layout_basic, grunt_temple_overflow_gold_and_silver,
          lemuel_doored_altar, nicolae_qazlal_style_of_elements,
          ebering_ghost_reflecting_pool, bloody_trog, uniq_pikel
D:5:      layout_cave_pods, overflow_temple_1_default,
          grunt_temple_overflow_open, guppyfry_early_orc_mine,
          uniq_prince_ribbit1, uniq_edmund
D:6:      layout_basic, minmay_temple_entry_stoned_glass, serial_shops, shop,
          minmay_mini_ossuary
D:7:      layout_rooms, kennysheep_okawaru_gauntlet,
          nicolae_overflow_crystal_walls, lemuel_altar_in_water
D:8:      layout_basic, erik_lair_island, basic_altar, serial_shops, shop,
          uniq_erica
Temple:   compressed_dpeg_triangle_lava_temple

Skill      XL: |  1  2  3  4  5  6  7  8  9 |
---------------+----------------------------+-----
Spellcasting   | 3 4 5 6 7 |  7.0
Conjurations   | 5 6 7 8 10 11 | 11.1
Translocations | 2 |  2.0
Dodging        | 3 |  3.4
Fighting       | 3 |  3.2
Fire Magic     | 3 |  3.0
Stealth        | |  1.7

Action                   |  1- 3 |  4- 6 |  7- 9 || total
-------------------------+-------+-------+-------++-------
Melee: Unarmed           |    22 |       |       ||    22
       Tailslap          |     2 |     2 |       ||     4
       Club              |       |     4 |       ||     4
       Quarterstaff      |       |    14 |    30 ||    44
       Flail             |       |       |     2 ||     2
 Cast: Magic Dart        |    19 |     1 |       ||    20
       Searing Ray       |     5 |    24 |   140 ||   169
       Iskenderun's Myst |       |       |     5 ||     5
  Use: Potion            |       |       |     1 ||     1
Armor: Skin              |    10 |    13 |    73 ||    96
Dodge: Dodged            |    23 |    25 |   118 ||   166
